 Dungeon Crawl Stone Soup version 0.31-a0-654-gbe3e110b4e (webtiles) character file.

Game seed: 10027279302684633499

3623 thirtiethelement the Reanimator (level 9, 0/62 HPs)
             Began as a Demonspawn Necromancer on Aug 29, 2023.
             Was a Believer of Cheibriados.
             Killed by vampiric draining
             ... invoked by a vampire
              (12 damage)
             ... on level 7 of the Dungeon.
             The game lasted 00:19:03 (6405 turns).

thirtiethelement the Reanimator (DsNe)              Turns: 6405, Time: 00:19:04

Health: 0/62       AC:  7    Str: 13    XL:     9   Next: 87%
Magic:  16/21      EV: 13    Int: 33    God:    Cheibriados [**....]
Gold:   164        SH:  0    Dex: 18    Spells: 13/24 levels left

rFire   . . .        A - +1 dagger (flame)
rCold   . . .        (no shield)
rNeg    . . .        E - +0 steam dragon scales
rPois   .            (helmet restricted)
rElec   .            e - +0 cloak
rCorr   .            v - +0 pair of gloves
SInv    .            (no boots)
Will    .....        D - amulet of regeneration
Stlth   +++          f - +6 ring of intelligence
HPRegen 1.10/turn    (no ring)
MPRegen 0.17/turn

%: no passive effects
@: animating dead, very slow
A: antennae 2, spiny 1, weakness stinger 1, demonic touch 1
a: Renounce Religion, Bend Time


You were on level 7 of the Dungeon.
You worshipped Cheibriados.
Cheibriados was pleased with you.
You visited 1 branch of the dungeon, and saw 7 of its levels.
You also visited: Ossuary.

You collected 320 gold pieces.
You spent 156 gold pieces at shops.

Inventory:

Hand Weapons
 A - a +1 dagger of flaming (weapon)
Armour
 e - a +0 cloak (worn)
 p - a +0 tower shield
 u - the +2 scale mail of Ularywk {-Tele Harm rPois Dex-3}
   (You found it on level 3 of the Dungeon)

   Dex-3:     It affects your dexterity (-3).
   rPois:     It protects you from poison -Tele: It prevents most forms of
   teleportation.
   Harm:      It increases damage dealt and taken.
 v - a +0 pair of gloves (worn)
 E - +0 steam dragon scales (worn)
Jewellery
 f - a +6 ring of intelligence (left hand)
 k - an amulet of guardian spirit
 D - an amulet of regeneration (around neck)
Wands
 l - a wand of polymorph (6)
 n - a wand of roots (8)
 o - a wand of flame (22)
Scrolls
 c - 4 scrolls of enchant armour {unknown}
 g - 2 scrolls of noise {unknown}
 i - a scroll of revelation {unknown}
 r - 3 scrolls of vulnerability {unknown}
 t - a scroll of brand weapon {unknown}
 y - 2 scrolls of immolation
 z - 2 scrolls of poison
 B - a scroll of fear
Potions
 a - a potion of cancellation {unknown}
 b - 2 potions of magic
 d - a potion of ambrosia
 h - 2 potions of enlightenment {unknown}
 j - 2 potions of haste {unknown}
 m - a potion of degeneration {unknown}
 q - 4 potions of curing {unknown}
 s - 2 potions of heal wounds {unknown}
 w - a potion of berserk rage
 x - 6 potions of might
 C - a potion of brilliance {unknown}


   Skills:
 + Level 2.4 Fighting
 + Level 2.9 Short Blades
 + Level 2.4 Armour
 + Level 3.3 Dodging
 + Level 5.0 Stealth
 + Level 8.0 Spellcasting
 + Level 10.1 Necromancy
 + Level 0.3 Evocations


You had 13 spell levels left.
You knew the following spells:

 Your Spells              Type           Power      Damage    Failure   Level
a - Necrotise             Necr           100%       1d9       1%          1
b - Vampiric Draining     Necr           68%        2d10      1%          3
c - Searing Ray           Conj           26%        2d5       5%          2
d - Magic Dart            Conj           52%        1d5       3%          1
e - Animate Dead          Necr           68%        N/A       1%          4

Your spell library contained the following spells:

 Spells                   Type           Power      Damage    Failure   Level
 Agony                    Necr           68%        N/A       1%          5
 Apportation              Tloc           26%        N/A       3%          1
 Summon Small Mammal      Summ           52%        N/A       3%          1
 Anguish                  Hex/Necr       23%        N/A       4%          4
 Ensorcelled Hibernation  Hex/Ice        26%        N/A       5%          2
 Fulminant Prism          Conj/Hex       6%         3d7       34%         4


Dungeon Overview and Level Annotations

Branches:
Dungeon (7/15)             Temple (0/1) D:7         Ossuary (visited)

Altars:
Cheibriados
Dithmenos
Fedhas
Hepliaklqana
Makhleb
Nemelex Xobeh
Ru
Uskayaw
Xom

Shops:
D:4 *

Annotations:
D:7 2 runed translucent doors


Innate Abilities, Weirdness & Mutations

You have a pair of antennae on your head.
You are partially covered in sharp spines.
You have a small tail.
Your touch may inflict minor irresistible damage on your foes.


Message History

Something bites your troll zombie. Something hits your troll zombie!
Something bites your troll zombie. What are your orders? t - Shout!
Orders for allies: a - Attack new target. r - Retreat! s - Stop attacking. g - Guard the area. f - Follow me.
Anything else - Cancel.
Guard this area!
Something hits your troll zombie! Something bites your troll zombie.
Casting: Necrotise (safe; 1% risk of failure)
Confirm with . or Enter, or press ? or * to list all spells.
You don't know that spell.
Casting: Necrotise (safe; 1% risk of failure)
Confirm with . or Enter, or press ? or * to list all spells.
Aiming: Vampiric Draining (safe; 1% risk of failure)
Press: ? - help, Shift-Dir - straight line Nothing appears to happen.
Something hits you but does no damage. Something bites you but does no damage.
Casting: Vampiric Draining (safe; 1% risk of failure)
Confirm with . or Enter, or press ? or * to list all spells.
Aiming: Vampiric Draining (safe; 1% risk of failure)
Press: ? - help, Shift-Dir - straight line Nothing appears to happen.
Something hits you! Something barely misses you.
You closely miss something. Something hits you but does no damage.
Something bites you but does no damage.
You hit something but do no damage. You punch something.
You hit something but do no damage. Your touch misses something.
Something barely misses you. Something bites you!
* * * LOW HITPOINT WARNING * * *
Something draws strength from your injuries!
You barely miss something.
Your tail-slap misses something.
Your touch misses something. Something hits you.
* * * LOW HITPOINT WARNING * * *
Something bites you but does no damage.
You miss something. You tail-slap something.
You touch something!
Something barely misses you. Something completely misses you.
You hit something but do no damage.
You touch something.
You punch something. Something draws life force from you!
You die...

.##'# .# ..... ##.#
#.......# #....#..
#.....)# #... #)#
##...##)#############
#....)#)Z............
#Z.....)@...##.# ..# #
#......{###....## #.# #
#......#{####...###.# #
#......##{# ###...#.## #
#......##{#######....####
#......##.co.## ####...##
####.#.##.h..+... ###...
...#.##c5..#### { ###.
#####.##+##### { ##


You could see a friendly deep elf pyromancer zombie (wandering) and a friendly
troll zombie (wandering).

Vanquished Creatures
  A two-headed ogre (D:7)
  A deep elf pyromancer (D:7)
  Jeremiah (D:7)
  Maggie (D:6)
  A troll (D:7)
  A wyvern (D:7)
  A steam dragon (D:4)
  Menkaure (D:5)
  A water moccasin (D:6)
  An ice beast (D:5)
  3 ogres
  A kobold brigand (D:7)
  Blork the orc (D:5)
  3 water moccasin zombies (Ossuary)
  A bullfrog (D:6)
  A howler monkey (D:4)
  A jelly (D:6)
  6 iguanas
  2 mummies (Ossuary)
  3 gnolls (D:3)
  6 adders
  2 shadow imps
  2 ufetubi
  3 adder zombies (Ossuary)
  2 worms
  A dart slug (D:5)
  9 orcs
  A ball python (D:1)
  6 bats
  An endoplasm (D:1)
  2 giant cockroaches (D:1)
  7 goblins
  5 hobgoblins
  3 jackals (D:2)
  10 kobolds
  2 quokkas
  5 frilled lizards
  2 gnoll zombies (Ossuary)
  3 hobgoblin zombies (Ossuary)
  7 kobold zombies (Ossuary)
  8 orc zombies (Ossuary)
  7 rats
  A spectral orc (D:4)
127 creatures vanquished.

Vanquished Creatures (collateral kills)
  A water moccasin (D:7)
  A centaur (D:7)
  A goblin (D:1)
  A ball python (D:1)
  A rat (D:2)
5 creatures vanquished.

Vanquished Creatures (others)
  A two-headed ogre zombie (D:7)
  A water moccasin zombie (D:7)
  A centaur zombie (D:7)
  6 kobold zombies (D:7)
  An orc zombie (D:7)
10 creatures vanquished.

Grand Total: 142 creatures vanquished

Notes
Turn   | Place    | Note
-------+----------+-------------------------------------------
     0 | D:1      | thirtiethelement the Demonspawn Necromancer began the quest
                  | for the Orb.
     0 | D:1      | Reached XP level 1. HP: 13/13 MP: 3/3
   297 | D:1      | Discovered your monstrous ancestry.
   297 | D:1      | Gained mutation: Your touch may inflict minor irresistible
                  | damage on your foes. [demonic ancestry]
   297 | D:1      | Reached XP level 2. HP: 19/19 MP: 1/5
   707 | D:1      | Found a faded altar of an unknown god.
   895 | D:1      | Reached skill level 5 in Necromancy
  1226 | D:2      | Reached XP level 3. HP: 16/24 MP: 0/6
  1663 | D:2      | You fall into a shaft and drop 1 floor!
  1726 | D:3      | Learned a level 3 spell: Vampiric Draining
  1850 | D:3      | Gained mutation: You have a small tail. [demonic ancestry]
  1850 | D:3      | Reached XP level 4. HP: 30/30 MP: 0/8
  2132 | D:3      | Found a blossoming altar of Fedhas.
  2231 | D:3      | Identified the +2 scale mail of Ularywk {-Tele Harm rPois
                  | Dex-3}
  3202 | D:3      | Found a sparkling altar of Nemelex Xobeh.
  3202 | D:3      | Found a snail-covered altar of Cheibriados.
  3204 | D:3      | Found a sacrificial altar of Ru.
  3233 | D:3      | Found a burning altar of Makhleb.
  3239 | D:4      | Found Wonupes's General Store.
  3241 | D:4      | Bought a potion of berserk rage for 60 gold pieces
  3241 | D:4      | Bought 2 potions of might for 96 gold pieces
  3355 | D:4      | Noticed a steam dragon
  3490 | D:4      | Killed a steam dragon
  3491 | D:4      | Reached skill level 1 in Armour
  3491 | D:4      | Reached skill level 6 in Necromancy
  3491 | D:4      | Gained mutation: You are partially covered in sharp spines.
                  | [demonic ancestry]
  3491 | D:4      | Reached XP level 5. HP: 18/35 MP: 1/10
  3673 | D:4      | Noticed an ogre
  3680 | D:4      | Killed an ogre
  3681 | D:4      | Reached XP level 6. HP: 37/41 MP: 4/11
  4056 | D:4      | Found a hazy altar of Hepliaklqana.
  4182 | D:3      | Became a worshipper of Cheibriados the Contemplative
  4196 | D:5      | Entered Level 5 of the Dungeon
  4211 | D:5      | Found a sand-covered staircase.
  4220 | Ossuary  | Entered an ossuary
  4397 | Ossuary  | Reached * piety under Cheibriados
  4406 | Ossuary  | Gained mutation: You have a pair of small antennae on your
                  | head. [demonic ancestry]
  4406 | Ossuary  | Reached XP level 7. HP: 47/47 MP: 13/13
  4415 | Ossuary  | Reached skill level 1 in Short Blades
  4471 | D:5      | Noticed Blork the orc
  4477 | D:5      | Killed Blork the orc
  4478 | D:5      | Reached skill level 1 in Fighting
  4556 | D:5      | Noticed Menkaure
  4582 | D:5      | Killed Menkaure
  4873 | D:5      | Reached XP level 8. HP: 55/55 MP: 6/15
  4882 | D:5      | Learned a level 2 spell: Searing Ray
  4884 | D:5      | Learned a level 1 spell: Magic Dart
  4986 | D:5      | Reached skill level 5 in Spellcasting
  4986 | D:5      | Reached skill level 7 in Necromancy
  5512 | D:6      | Found a hide-covered altar of Uskayaw.
  5582 | D:6      | Reached ** piety under Cheibriados
  5585 | D:6      | Noticed Maggie
  5593 | D:6      | Killed Maggie
  5594 | D:6      | Reached skill level 8 in Necromancy
  5820 | D:6      | Found a shadowy altar of Dithmenos.
  5949 | D:6      | Found a shimmering altar of Xom.
  6106 | D:7      | Found a staircase to the Ecumenical Temple.
  6164 | D:7      | Noticed Jeremiah
  6173 | D:7      | Killed Jeremiah
  6174 | D:7      | Gained mutation: You have a pair of antennae on your head.
                  | [demonic ancestry]
  6174 | D:7      | Reached XP level 9. HP: 61/61 MP: 11/18
  6263 | D:7      | Found a runed translucent door.
  6263 | D:7      | Found a runed translucent door.
  6263 | D:7      | Noticed a troll
  6263 | D:7      | Noticed a two-headed ogre
  6263 | D:7      | Noticed a deep elf pyromancer
  6264 | D:7      | Found a runed translucent door.
  6303 | D:7      | Learned a level 4 spell: Animate Dead
  6367 | D:7      | Killed a two-headed ogre
  6368 | D:7      | Reached skill level 9 in Necromancy
  6371 | D:7      | Killed a deep elf pyromancer
  6375 | D:7      | Killed a troll
  6376 | D:7      | Reached skill level 10 in Necromancy
  6377 | D:7      | Reached skill level 5 in Stealth
  6405 | D:7      | Killed from afar by a vampire

Illustrated notes

Levels and vault maps discovered:
D:1:      dpeg_arrival_arbitrary_a, layout_basic, basic_ecumenical_altar,
          minivault_24
D:2:      layout_basic, solitary_fountain, minmay_distorted
D:3:      minmay_door_path, layout_loops_ring, nicolae_overflow_hidden_temple,
          fedhas_altar_2
D:4:      layout_loops_cross, nicolae_hepliaklqana_monster_ancestors,
          serial_shops, shop
D:5:      layout_rooms, enter_ossuary_1, minmay_misc_feat_five, uniq_menkaure,
          uniq_blork_the_orc
D:6:      layout_rooms, tgw_xom, nicolae_dithmenos_through_a_glass_darkly,
          mainiacjoe_overflow_concentric_impassable, serial_bayou_pond_c,
          uniq_maggie
D:7:      minmay_the_grid_triangle_9x9_rhombus_thin
          [minmay_the_grid_triangle_9x9_thin_v,
          minmay_the_grid_triangle_9x9_prize_special,
          minmay_the_grid_triangle_9x9_fully_insulated_deathbox,
          minmay_the_grid_triangle_9x9_warning], layout_basic,
          minmay_temple_entry_statues_pillars, minmay_unpleasant_kobolds,
          uniq_jeremiah

Skill      XL: |  1  2  3  4  5  6  7  8  9 |
---------------+----------------------------+-----
Necromancy     | 5 6 8 10 | 10.1
Stealth        | 2 3 4 5 |  5.0
Spellcasting   | 3 4 6 8 |  8.0
Armour         | 1 2 |  2.4
Dodging        | 2 3 |  3.3
Short Blades   | 2 |  2.9
Fighting       | 1 2 |  2.4
Evocations     | |  0.3

Action                     |  1- 3 |  4- 6 |  7- 9 || total
---------------------------+-------+-------+-------++-------
  Melee: Dagger            |    14 |    72 |    75 ||   161
         Touch             |     2 |    15 |    17 ||    34
         Tailslap          |       |     6 |     7 ||    13
         Punch             |       |     1 |     2 ||     3
   Cast: Necrotise         |    56 |    23 |    23 ||   102
         Vampiric Draining |     1 |     8 |    29 ||    38
         Animate Dead      |       |       |     2 ||     2
  Evoke: Wand              |       |     2 |       ||     2
    Use: Scroll            |       |       |     4 ||     4
         Potion            |       |       |     1 ||     1
   Stab: Sleeping          |     5 |     9 |     6 ||    20
 Armour: Leather armour    |     3 |    23 |     8 ||    34
         Steam dragon scal |       |       |    17 ||    17
  Dodge: Dodged            |     8 |    34 |    61 ||   103

Table legend: (Time is in decaauts)
 A = Elapsed time spent in this place.
 B = Non-inter-level travel time spent in this place.
 C = Inter-level travel time spent in this place.
 D = Time resting spent in this place.
 E = Time spent auto-exploring this place.
 F = Levels seen in this place.
 G = Mean time per level.
                   A        B        C        D        E       F      G
               +--------+--------+--------+--------+--------+-----+--------+
         Total |   6892 |   6624 |    268 |    303 |   4855 |   8 |  861.5 |
       Dungeon |   6626 |   6358 |    268 |    234 |   4855 |   7 |  946.6 |
       Ossuary |    266 |    266 |      0 |     69 |      0 |   1 |  266.0 |
               +--------+--------+--------+--------+--------+-----+--------+

Top non-repeatable levels by time:
     D:6: 1228 daAuts
     D:1: 1162 daAuts
     D:3: 1158 daAuts
     D:2: 942 daAuts
     D:4: 935 daAuts
     D:5: 840 daAuts
     D:7: 358 daAuts
 Ossuary: 266 daAuts
